 Dungeon Crawl Stone Soup version 0.22-a0-284-g99d1f74 (webtiles) character file.

11 mhoghedin the Skirmisher (level 2, 0/25 HPs)
             Began as a Ghoul Warper on Mar 20, 2018.
             Killed from afar by a dart slug (4 damage)
             ... with a slug dart
             ... on level 1 of the Dungeon.
             The game lasted 00:00:41 (268 turns).

mhoghedin the Skirmisher (Ghoul Warper)              Turns: 268, Time: 00:00:42

Health: 0/25       AC:  3    Str: 14    XL:     2   Next: 25%
Magic:  3/3        EV: 11    Int:  8    God:
Gold:   10         SH:  0    Dex:  8    Spells: 4/4 levels left

rFire    . . .     SeeInvis .     - Unarmed
rCold    + . .     Gourm    .   (no shield)
rNeg     + + +     Faith    .   a - +0 leather armour
rPois    ∞         Spirit   .   (no helmet)
rElec    .         Reflect  .   (no cloak)
rCorr    .         Harm     .   (no gloves)
MR       .....                  (no boots)
Stlth    +.........             (no amulet)
HPRegen  0.00/turn              (no ring)
MPRegen  0.08/turn              (no ring)

@: rotting
A: rotting body, claws 1, carnivore, cold resistance 1, negative energy
resistance 3, inhibited regeneration, torment resistance, unbreathing
a: no special abilities


You were on level 1 of the Dungeon.
You were not hungry.

You visited 1 branch of the dungeon, and saw 1 of its levels.

You collected 10 gold pieces.

Inventory:

Missiles
 d - 5 tomahawks of dispersal {=f}
Armour
 a - a +0 leather armour (worn)
Scrolls
 c - a scroll of blinking {!r}
Comestibles
 b - 2 chunks of flesh {@w0}
 f - a ration


   Skills:
 + Level 2.7 Fighting
 - Level 0.8 Throwing
 - Level 0.8 Armour
 - Level 1.7 Dodging
 + Level 2.7 Unarmed Combat
 - Level 1.7 Spellcasting
   Level 2.6 Translocations


You had 4 spell levels left.
You didn't know any spells.

Dungeon Overview and Level Annotations

Branches:
Dungeon (1/15)

Altars:


Innate Abilities, Weirdness & Mutations

Your body is rotting away.
You thrive on raw meat.
You are immune to poison.
You have sharp fingernails.
You are carnivorous and can eat meat at any time.
Your flesh is cold resistant. (rC+)
You are immune to negative energy. (rN+++)
You do not regenerate when monsters are visible.
You are immune to unholy pain and torment.
You can survive without breathing.


Message History

You take 1 damage, and have 11/24 hp.
The bat barely misses you. The bat hits you but does no damage.
You scratch the bat.
You kill the bat!
You see here a bat corpse.
You butcher the bat corpse.
b - a chunk of flesh {@w0}
Things that are here:
a giant cockroach corpse; a bat corpse You butcher the giant cockroach corpse.
b - 2 chunks of flesh {@w0} (gained 1)
You see here a bat corpse.
You butcher the bat corpse.
b - 3 chunks of flesh {@w0} (gained 1)
You start resting.
Eating one of 3 chunks of flesh {@w0}.
You eat one of the 3 chunks of flesh {@w0}.
You feel more resilient.
This raw flesh tastes great!
Health restored: 25 A dart slug comes into view.
A dart slug is nearby!
A frilled lizard comes into view.
The frilled lizard hisses angrily.
You hear a shout!
The dart slug launches a dart at you. The slug dart misses you.
A kobold comes into view.
The kobold shouts!
The dart slug launches a dart at you. The slug dart hits you!
A kobold comes into view.
The kobold shouts!
The kobold throws a stone.
The stone hits you.
You see here a stone.
The dart slug launches a dart at you. The slug dart misses you.
The frilled lizard closely misses you.
You closely miss the frilled lizard. The frilled lizard bites you.
You are too injured to fight recklessly!
You are too injured to fight recklessly!
You are too injured to fight recklessly!
You are too injured to fight recklessly!
You are too injured to fight recklessly!
You are too injured to fight recklessly!
You are too injured to fight recklessly!
You are too injured to fight recklessly!
You are too injured to fight recklessly!
You are too injured to fight recklessly!
You are too injured to fight recklessly!
You are too injured to fight recklessly!
You are too injured to fight recklessly!
You are too injured to fight recklessly!
You are too injured to fight recklessly!
You are too injured to fight recklessly!
You are too injured to fight recklessly!
You are too injured to fight recklessly!
You take 10 damage, and have 15/25 hp.
MASSIVE DAMAGE!!
The kobold throws a stone.
The stone hits you.
You see here 2 stones.
You take 1 damage, and have 14/25 hp.
The kobold throws a stone.
The stone hits you but does no damage.
A kobold comes into view. It is wielding a whip.
You see here a stone.
The kobold shouts!
The kobold throws a stone.
The stone closely misses you.
You see here a stone.
The kobold barely misses you.
There is an open door here.
You barely miss the kobold. The kobold misses you.
You barely miss the kobold. The kobold closely misses you.
You closely miss the kobold. You completely miss the kobold.
The kobold hits you.
You take 1 damage, and have 13/25 hp.
You barely miss the kobold. The kobold hits you.
You take 1 damage, and have 12/25 hp.
You scratch the kobold.
You kill the kobold!
You closely miss the frilled lizard.
The frilled lizard bites you but does no damage.
You miss the frilled lizard. The frilled lizard bites you.
You take 3 damage, and have 9/25 hp.
You miss the frilled lizard. The frilled lizard bites you.
You take 1 damage, and have 8/25 hp.
You barely miss the frilled lizard. The frilled lizard barely misses you.
You scratch the frilled lizard but do no damage.
You closely miss the frilled lizard. The frilled lizard closely misses you.
You barely miss the frilled lizard. The frilled lizard barely misses you.
You closely miss the frilled lizard. The frilled lizard bites you.
* * * LOW HITPOINT WARNING * * *
You take 2 damage, and have 6/25 hp.
You aren't carrying any potions.
You scratch the frilled lizard.
You kill the frilled lizard!
You closely miss the kobold. The kobold hits you with a whip.
* * * LOW HITPOINT WARNING * * *
You take 2 damage, and have 4/25 hp.
You scratch the kobold.
You kill the kobold!
The dart slug launches a dart at you. The slug dart hits you!
You die...

#.# .# #.# .# #w#
.. #.# #
#################.#
#.(.#.<.#PP.#...#.#
#...#...#P..#...#.#
##'###'###'###'##l#
#.......÷......@#.#
#...............)w#
#...............###
##†###'###'###'##
#...#...#..P#..P#
#P.(#...#(..#...#
#################


You could see a dart slug.

Vanquished Creatures
  3 bats (D:1)
  3 giant cockroaches (D:1)
  A frilled lizard (D:1)
  2 kobolds (D:1)
  A rat (D:1)
10 creatures vanquished.

Notes
Turn   | Place    | Note
-------+----------+-------------------------------------------
     0 | D:1      | mhoghedin the Ghoul Warper began the quest for the Orb.
     0 | D:1      | Reached XP level 1. HP: 17/17 MP: 2/2
    92 | D:1      | Reached XP level 2. HP: 14/24 MP: 3/3
   265 | D:1      | HP: 6/25 [frilled lizard (2)]
   268 | D:1      | Killed from afar by a dart slug

Vault maps used:
D:1:      dpeg_arrival_prison

Action                   || total
-------------------------++-------
Melee: Unarmed           ||    45
  Eat: Chunk             ||     1
Armor: Leather armour    ||    18
Dodge: Dodged            ||    50

Table legend:
 A = Spawn XP
 B = Non-spawn XP
 C = Spawn XP percentage of total XP
 D = Spawn monster count
 E = Non-spawn monster count
 F = Spawn count percentage of total count
 G = Total turns spent on level
                    A         B        C        D         E        F      G
               +---------+---------+-------+---------+---------+-------+---------
         Total |       0 |      16 |   0.0 |       0 |      10 |   0.0 |   268
               +---------+---------+-------+---------+---------+-------+---------
           D:1 |       0 |      16 |   0.0 |       0 |      10 |   0.0 |   268
               +---------+---------+-------+---------+---------+-------+---------

Vault maps used:
D:1:      dpeg_arrival_prison

Table legend:
 A = Turns spent in this place as a percentage of turns spent in the entire game.
 B = Non-inter-level travel turns spent in this place as a percentage of non-inter-level travel turns spent in the entire game.
 C = Inter-level travel turns spent in this place as a percentage of turns spent in this place.
 D = Turns resting spent in this place as a percentage of non-inter-level travel turns spent in this place.
 E = Turns spent auto-exploring this place as a percentage of non-inter-level travel turns spent in this place.
 F = Non-inter-level travel turns spent in this place divided by the number of levels of this place that you've seen.
                   A       B       C       D       E      F
               +-------+-------+-------+-------+-------+----------------------
         Total | 100.0 | 100.0 |   0.0 |  41.0 |  22.8 | 268.0
       Dungeon | 100.0 | 100.0 |   0.0 |  41.0 |  22.8 | 268.0
               +-------+-------+-------+-------+-------+----------------------

Table legend:
 A = Kills in this place as a percentage of kills in entire the game.
 B = Kills by you in this place as a percentage of kills by you in the entire game.
 C = Kills by friends in this place as a percentage of kills by friends in the entire game.
 D = Other kills in this place as a percentage of other kills in the entire game.
 E = Experience gained in this place as a percentage of experience gained in the entire game.
 F = Experience gained in this place divided by the number of levels of this place that you have seen.
                   A       B       C       D       E      F
               +-------+-------+-------+-------+-------+----------------------
         Total | 100.0 | 100.0 |   N/A |   N/A | 100.0 |  16.0
       Dungeon | 100.0 | 100.0 |   N/A |   N/A | 100.0 |  16.0
               +-------+-------+-------+-------+-------+----------------------
